 Dungeon Crawl Stone Soup version 0.28-a0-872-g80cf8599ee (webtiles) character file.

Game seed: 8713996435794571796

30 ytrimaz the Skirmisher (level 3, 18/29 HPs)
             Began as a Demonspawn Fighter on Nov 20, 2021.
             Quit the game on level 1 of the Dungeon.
             The game lasted 00:01:36 (780 turns).

ytrimaz the Skirmisher (Demonspawn Fighter)          Turns: 780, Time: 00:01:37

Health: 18/29      AC:  6    Str: 17    XL:     3   Next: 3%
Magic:  3/3        EV:  9    Int:  9    God:
Gold:   10         SH:  4    Dex: 12    Spells: 2/2 levels left

rFire   . . .      SeeInvis .   a - +0 war axe
rCold   . . .      Faith    .   c - +0 buckler
rNeg    . . .      Spirit   .   b - +0 scale mail
rPois   .          Reflect  .   (no helmet)
rElec   .          Harm     .   (no cloak)
rCorr   .          Rampage  .   (no gloves)
Will    .....                   (no boots)
Stlth   ..........              (no amulet)
HPRegen 0.09/turn               (no ring)
MPRegen 0.08/turn               (no ring)

@: no status effects
A: demonic magic 1, weakness stinger 1
a: no special abilities


You were on level 1 of the Dungeon.
You visited 1 branch of the dungeon, and saw 2 of its levels.

You collected 10 gold pieces.

Inventory:

Hand Weapons
 a - a +0 war axe (weapon)
Missiles
 g - 11 poisoned darts (quivered)
Armour
 b - a +0 scale mail (worn)
 c - a +0 buckler (worn)
Scrolls
 f - 2 scrolls of torment
Potions
 d - a potion of might
 e - a potion of berserk rage


   Skills:
 + Level 3.3 Fighting
 + Level 2.2 Axes
 + Level 3.0 Armour
 + Level 2.9 Shields


You had 2 spell levels left.
You didn't know any spells.
Your spell library was empty.

Dungeon Overview and Level Annotations

Branches:
Dungeon (2/15)

Altars:


Innate Abilities, Weirdness & Mutations

Spells you cast may paralyse adjacent enemies.
You have a small tail.


Message History

The jackal barely misses you.
You see here a +0 dagger.
Unknown command.
You barely miss the jackal. You slash the jackal!
You kill the jackal!
You block the jackal's attack.
Unknown command.
You closely miss the jackal. x2; The jackal misses you.
The jackal bites you but does no damage. x2
Unknown command.
You hit the jackal.
The jackal is severely wounded.
You closely miss the jackal. You block the jackal's attack.
The jackal bites you but does no damage.
The jackal closely misses you. The jackal bites you.
You slash the jackal!
You kill the jackal!
You closely miss the jackal. The jackal bites you.
The jackal barely misses you.
You have reached level 3!
Your experience leads to an increase in your attributes!
Increase (S)trength, (I)ntelligence, or (D)exterity?
You feel stronger.
Your demonic ancestry asserts itself...
A menacing aura infuses your magic.
You hit the frilled lizard.
You kill the frilled lizard!
You miss the jackal. The jackal barely misses you.
You block the jackal's attack. The jackal completely misses you.
The jackal bites you but does no damage.
You see here a frilled lizard corpse.
You closely miss the jackal. You block the jackal's attack. x2
You hit the jackal.
The jackal is moderately wounded.
The jackal closely misses you. The jackal misses you.
You barely miss the jackal.
Your tail-slap misses the jackal.
The jackal is moderately wounded.
You block the jackal's attack.
The jackal bites you but does no damage.
Are you sure you want to abandon this character and quit the game? (Confirm with "yes".)

#.# ...........
##.# #.###. .....
.#.# ##.#...
..... ...#####..
.....# ......
.......... ....
...... ..)#####.#
... ♣..∩..8 .#.#
#.# ....... ##.#
#†##g...... #.#
#.##.##)h@..!8..♣
##.#
#.....).#...##.##
#..#
####.########
#.## # #.# #.#
[.# ###


You could see a jackal and a goblin.

Vanquished Creatures
  2 bats (D:1)
  An endoplasm (D:1)
  A giant cockroach (D:1)
  4 goblins
  4 hobgoblins (D:1)
  2 jackals (D:1)
  2 quokkas (D:1)
  3 frilled lizards (D:1)
  3 kobolds (D:1)
  4 rats (D:1)
26 creatures vanquished.

Notes
Turn   | Place    | Note
-------+----------+-------------------------------------------
     0 | D:1      | ytrimaz the Demonspawn Fighter began the quest for the Orb.
     0 | D:1      | Reached XP level 1. HP: 18/18 MP: 1/1
   539 | D:1      | Gained mutation: You have a small tail. [demonic ancestry]
   539 | D:1      | Reached XP level 2. HP: 24/24 MP: 2/2
   735 | D:1      | Found a faded altar of an unknown god.
   736 | D:1      | You fall into a shaft and drop 1 floor!
   774 | D:1      | Gained mutation: Spells you cast may paralyse adjacent
                  | enemies. [demonic ancestry]
   774 | D:1      | Reached XP level 3. HP: 17/29 MP: 3/3
   780 | D:1      | Quit the game

Illustrated notes

Levels and vault maps discovered:
D:1:      mrwooster_arrival_statue_2, layout_loops_corners,
          hellmonk_ecumenical_altar_arch_garden
D:2:      layout_loops_cross, minmay_snake_closets

Skill      XL: |  1  2 |
---------------+-------+-----
Axes           | 2 |  2.2
Armour         | 3 |  3.0
Fighting       | |  3.3
Shields        | |  2.9

Action                   || total
-------------------------++-------
Melee: War axe           ||    85
  Use: Scroll            ||     2
Armor: Scale mail        ||    57
Dodge: Dodged            ||    55
Block: Buckler           ||    23

Table legend: (Time is in decaauts)
 A = Elapsed time spent in this place.
 B = Non-inter-level travel time spent in this place.
 C = Inter-level travel time spent in this place.
 D = Time resting spent in this place.
 E = Time spent auto-exploring this place.
 F = Levels seen in this place.
 G = Mean time per level.
                   A        B        C        D        E       F      G
               +--------+--------+--------+--------+--------+-----+--------+
         Total |    816 |    816 |      0 |    256 |    349 |   2 |  408.0 |
       Dungeon |    816 |    816 |      0 |    256 |    349 |   2 |  408.0 |
               +--------+--------+--------+--------+--------+-----+--------+

Top non-repeatable levels by time:
     D:1: 794 daAuts
     D:2: 22 daAuts
